 Seeded DCSS version 0.27.1-35-g4d5d836560 (webtiles) character file.

Game seed: 6605004039299699 (custom seed)

63 xaos the Conjurer (level 4, -1/31 HPs)
             Began as a Human Conjurer on Mar 28, 2022.
             Hit by a goblin thrown by Robin (3 damage)
             ... on level 2 of the Dungeon on Mar 29, 2022.
             The game lasted 00:13:06 (2904 turns).

xaos the Conjurer (Human Conjurer)                  Turns: 2904, Time: 00:13:06

Health: -1/31      AC:  5    Str:  9    XL:     4   Next: 30%
Magic:  5/7        EV: 12    Int: 18    God:
Gold:   47         SH:  0    Dex: 11    Spells: 4/7 levels left

rFire    . . .     SeeInvis .   c - +0 short sword
rCold    . . .     Faith    .   (no shield)
rNeg     . . .     Spirit   .   a - +0 robe
rPois    .         Reflect  .   (no helmet)
rElec    .         Harm     .   f - +2 cloak
rCorr    .         Rampage  .   (no gloves)
Will     .....                  (no boots)
Stlth    ++........             (no amulet)
HPRegen  0.10/turn              (no ring)
MPRegen  0.10/turn              (no ring)

@: lethally poisoned (-1 -> -8)
A: no striking features
a: no special abilities


You were on level 2 of the Dungeon.
You visited 1 branch of the dungeon, and saw 2 of its levels.

You collected 47 gold pieces.

Inventory:

Hand Weapons
 c - a +0 short sword (weapon)
Missiles
 b - 21 sling bullets
 g - 10 stones
Armour
 a - a +0 robe (worn)
 f - a +2 cloak (worn)
Scrolls
 e - 2 scrolls of identify {unknown}
Potions
 d - a potion of attraction {unknown}
 h - a potion of mutation {unknown}
 i - a potion of haste {unknown}
 j - a potion of flight {unknown}


   Skills:
 + Level 0.4 Fighting
 + Level 1.1 Short Blades
 + Level 2.2 Dodging
 + Level 2.3 Stealth
 + Level 0.3 Unarmed Combat
 + Level 2.2 Spellcasting
 + Level 4.7 Conjurations


You had 4 spell levels left.
You knew the following spells:

 Your Spells              Type           Power      Damage    Failure   Level
a - Magic Dart            Conj           76%        1d6       2%          1
b - Searing Ray           Conj           38%        3d4       3%          2

Your spell library contained the following spells:

 Spells                   Type           Power      Damage    Failure   Level
 Dazzling Flash           Conj/Hex       20%        N/A       21%         3
 Fulminant Prism          Conj/Hex       5%         3d7       54%         4
 Iskenderun's Mystic Bla  Conj/Tloc      10%        2d4       54%         4


Dungeon Overview and Level Annotations

Branches:
Dungeon (2/15)

Altars:

Annotations:
D:2 Robin


Message History

Robin says, "Duck!"
Aiming: Magic Dart (safe; 2% risk of failure)
Press: ? - help, Q - select action, (/) - cycle Shift-Dir - straight line, f/p - goblin
Aim: a goblin, wielding a +0 dagger of venom (heavily wounded, strong, 100% to hit)
The magic dart hits the goblin.
The goblin is heavily wounded.
The goblin no longer looks unusually strong.
Aiming: Magic Dart (safe; 2% risk of failure)
Press: ? - help, Q - select action, (/) - cycle Shift-Dir - straight line, f/p - goblin
Aim: a goblin, wielding a +0 dagger of venom (moderately wounded, strong, 100% to hit)
The magic dart hits the goblin.
The goblin is severely wounded.
The goblin barely misses you.
You closely miss the goblin.
The goblin is severely wounded.
The goblin no longer looks unusually strong.
The goblin closely misses you.
You hit the goblin but do no damage.
The goblin is severely wounded.
Robin roars a battlecry!
The goblins go into a battle-frenzy!
The goblin closely misses you.
The goblin hits you with a +0 dagger of venom.
You are poisoned.
You hear a shout!
You hit the goblin but do no damage.
You feel very sick.
Robin roars a battlecry!
The goblin barely misses you. The goblin hits you but does no damage.
You are lethally poisoned!
You feel very sick.
* * * LOW HITPOINT WARNING * * *
You feel very sick.
Unknown command.
* * * LOW HITPOINT WARNING * * *
You feel sick.
* * * LOW HITPOINT WARNING * * *
You feel very sick. Robin throws the goblin at you!
You die...

### ### ##8###8### ##........#
#8......g.# #........#
#...##8#g# ##...####@########
##### #⌠...⌠# #g.......# ##.##.
####...########....####..##.
###8##g..##.................).
##........########..........##.
#..g.g....8# #....#####.##.
#.g.......## #.......# #.###
###.##8###8## ..##....# #.#
..g..### ### # ##...# ..#


You could see Robin and 2 goblins.

Vanquished Creatures
  Natasha (D:2)
  A worm (D:2)
  A dart slug (D:1)
  2 endoplasms (D:1)
  A giant cockroach (D:1)
  6 goblins
  8 hobgoblins (D:1)
  A quokka (D:1)
  2 ball pythons
  5 frilled lizards
  2 rats (D:1)
30 creatures vanquished.

Notes
Turn   | Place    | Note
-------+----------+-------------------------------------------
     0 | D:1      | xaos the Human Conjurer began the quest for the Orb.
     0 | D:1      | Reached XP level 1. HP: 13/13 MP: 3/3
   142 | D:1      | Reached XP level 2. HP: 2/19 MP: 0/5
   644 | D:1      | Learned a level 2 spell: Searing Ray
  1416 | D:1      | Reached XP level 3. HP: 12/24 MP: 6/6
  2136 | D:2      | Noticed Natasha
  2173 | D:2      | Killed Natasha
  2174 | D:2      | Reached XP level 4. HP: 17/30 MP: 0/7
  2429 | D:2      | Reached skill level 1 in Short Blades
  2872 | D:2      | Noticed Robin
  2904 | D:2      | Hit by a goblin thrown by Robin

Illustrated notes

Levels and vault maps discovered:
D:1:      wheals_arrival_shading, layout_loops_corners, wad_floor_pattern_2,
          dk_noncrumbling_3, chequers_serial_rivers_room_b, minmay_domino_2
D:2:      layout_rooms, hellmonk_ecumenical_altar_inner_sanctum,
          corexii_hall_statues_s, minmay_rat_gold_closets, uniq_robin,
          uniq_natasha

Skill      XL: |  1  2  3  4 |
---------------+-------------+-----
Short Blades   | 1 |  1.1
Fighting       | |  0.4
Dodging        | |  2.2
Stealth        | |  2.3
Unarmed Combat | |  0.3
Spellcasting   | |  2.2
Conjurations   | |  4.7

Action                   |  1- 3 |  4- 6 || total
-------------------------+-------+-------++-------
Melee: Short sword       |    64 |    51 ||   115
       Unarmed           |    11 |       ||    11
 Cast: Magic Dart        |    27 |     7 ||    34
 Stab: Sleeping          |     2 |     1 ||     3
Armor: Robe              |    19 |    10 ||    29
Dodge: Dodged            |    69 |    28 ||    97
